 Dungeon Crawl Stone Soup version 0.23.2-1-ga50397a (webtiles) character file.

Game seed: 9760076293045563033

220339 mike2R the Fighter (level 19, -5/122 HPs)
             Began as a Gargoyle Earth Elementalist on May 26, 2019.
             Was the Champion of Vehumet.
             Slain by an alligator snapping turtle (33 damage)
             ... on level 4 of the Shoals on May 27, 2019.
             The game lasted 05:39:10 (36942 turns).

mike2R the Fighter (Gargoyle Earth Elementalist)   Turns: 36942, Time: 05:39:10

Health: -5/122     AC: 31    Str: 20    XL:     19   Next: 17%
Magic:  7/44       EV: 15    Int: 24    God:    Vehumet [******]
Gold:   1285       SH:  5    Dex:  8    Spells: 3/42 levels left

rFire    + + .     SeeInvis .   b - staff of earth
rCold    + . .     Gourm    .   H - +1 buckler {AC+3}
rNeg     + . .     Faith    .   p - +4 robe of the Gate {rF++ Stlth+}
rPois    ∞         Spirit   .   j - +0 helmet of Posurhao {rPois MP+9 Str+8 Dex-5}
rElec    +         Reflect  .   D - scarf {repulsion}
rCorr    .         Harm     .   K - +1 pair of gloves {Dex+3}
MR       +....                  m - +2 pair of boots
Stlth    ++........             M - amulet of magic regeneration
HPRegen  1.30/turn              A - ring of the Hidden Stories {rC+ Stlth+}
MPRegen  0.54/turn              (no ring)

@: regenerating, slowed, glowing, repel missiles, very slow
A: big wings, hooves 1, negative energy resistance 1, electricity resistance,
wild magic 1, unbreathing, petrification resistance, rot immunity, MP-powered
wands, AC +14
}: 1/15 runes: gossamer
a: Fly, Renounce Religion


You were on level 4 of the Shoals.
You worshipped Vehumet.
Vehumet was exalted by your worship.
You were near starving.

You visited 6 branches of the dungeon, and saw 32 of its levels.
You also visited: Trove.

You collected 3087 gold pieces.
You spent 1802 gold pieces at shops.

Inventory:

Hand Weapons
 a - a +5 rapier of electrocution
 y - a +0 short sword of draining
Missiles
 s - 328 stones (quivered)
Armour
 j - the +0 helmet of Posurhao (worn) {rPois MP+9 Str+8 Dex-5}
   (You acquired it on level 4 of the Spider Nest)

   It affects your strength (+8).
   It affects your dexterity (-5).
   It protects you from poison.
   It affects your magic capacity (+9).
 m - a +2 pair of boots (worn)
 p - the +4 robe of the Gate (worn) {rF++ Stlth+}
   (You found it on level 6 of the Lair of Beasts)

   It greatly protects you from fire.
   It makes you more stealthy.
 r - a +2 cloak of magic resistance
 w - the +1 leather armour "Xedghuofi" {rN+ Int+2}
   (You found it on level 6 of the Dungeon)

   It affects your intelligence (+2).
   It protects you from negative energy.
 D - a scarf of repulsion (worn)
 H - a +1 buckler of protection (worn)
 K - a +1 pair of gloves of dexterity (worn)
Magical Staves
 b - an uncursed staff of earth (weapon)
Jewellery
 v - an uncursed ring of magical power
 A - the ring of the Hidden Stories (left hand) {rC+ Stlth+}
   (You found it in a treasure trove)

   [ring of protection from cold]

   It protects you from cold.
   It makes you more stealthy.
 B - an uncursed ring of see invisible
 J - an uncursed ring of magical power
 M - an amulet of magic regeneration (around neck)
 S - an uncursed ring of positive energy
 X - an uncursed ring of positive energy
 Z - an uncursed ring of resist corrosion
Wands
 N - a wand of digging (18)
Scrolls
 f - 4 scrolls of teleportation
 h - 7 scrolls of identify
 k - 17 scrolls of remove curse
 l - 3 scrolls of fog
 o - 6 scrolls of amnesia
 x - 4 scrolls of magic mapping
 z - 6 scrolls of blinking
 F - 2 scrolls of silence
 O - 3 scrolls of immolation
 P - a scroll of holy word
 R - a scroll of fear
Potions
 c - 6 potions of ambrosia
 g - 3 potions of magic
 i - 19 potions of curing
 n - 2 potions of agility
 q - 3 potions of haste
 u - 2 potions of cancellation
 E - 2 potions of might
 G - 2 potions of invisibility
 L - 3 potions of resistance
 V - 4 potions of brilliance
 Y - 4 potions of heal wounds
Miscellaneous
 e - a crystal ball of energy
 C - a phantom mirror
 I - a lamp of fire
Comestibles
 d - 45 rations
 t - 2 chunks of flesh


   Skills:
 - Level 14.5 Fighting
 - Level 14.0 Short Blades
 - Level 7.1 Armour
 - Level 8.1 Dodging
 - Level 5.0 Stealth
 - Level 4.0 Shields
 - Level 12.0 Spellcasting
 + Level 10.6 Conjurations
 - Level 3.5 Hexes
 - Level 3.1 Charms
 * Level 7.2 Summonings
 - Level 3.0 Necromancy
 - Level 3.0 Transmutations
 - Level 6.0 Fire Magic
   Level 4.0 Air Magic
 - Level 11.6 Earth Magic


You had 3 spell levels left.
You knew the following spells:

 Your Spells              Type           Power        Failure   Level  Hunger
a - Stone Arrow           Conj/Erth      ######       1%          3    None
b - Iron Shot             Conj/Erth      #######...   3%          6    #####..
c - Spellforged Servitor  Conj/Summ      ######....   28%         7    ######.
d - Petrify               Tmut/Erth      #######.     3%          4    None
e - Bolt of Magma         Conj/Fire/Erth #######...   1%          5    ###....
f - Leda's Liquefaction   Hex/Erth       #######...   3%          4    None
g - Fireball              Conj/Fire      ######....   1%          5    ###....
h - Blink                 Tloc           N/A          10%         2    None
i - Regeneration          Chrm/Necr      #####.....   6%          3    None

Your spell library contained the following spells:

 Spells                   Type           Power        Failure   Level  Hunger
 Magic Dart               Conj           ####         1%          1    None
 Sandblast                Erth           ######       1%          1    None
 Call Imp                 Summ           ######..     1%          2    None
 Passwall                 Tmut/Erth      #######.     1%          2    None
 Conjure Flame            Conj/Fire      ######..     1%          3    None
 Mephitic Cloud           Conj/Pois/Air  #####...     1%          3    None
 Animate Skeleton         Necr           N/A          2%          1    None
 Pain                     Necr           ####         2%          1    None
 Slow                     Hex            #####...     3%          2    None
 Poisonous Vapours        Pois/Air       ####..       4%          2    None
 Vampiric Draining        Necr           #####.....   6%          3    None
 Lee's Rapid Deconstruct  Erth           #######...   1%          5    ###....
 Yara's Violent Unravell  Hex/Tmut       #####.....   11%         5    ###....
 Cause Fear               Hex            #####.....   14%         4    None
 Animate Dead             Necr           N/A          17%         4    None
 Freezing Cloud           Conj/Ice/Air   #####.....   28%         6    #####..
 Silence                  Hex/Air        #####.....   34%         5    ###....
 Deflect Missiles         Chrm/Air       #####.....   88%         6    #####..
 Ring of Flames           Chrm/Fire      #####.....   100%        7    ######.
 Discord                  Hex            #####.....   100%        8    #######
 Shatter                  Erth           #######...   100%        9    #######
 Statue Form              Tmut/Erth      Unusable     N/A         6    N/A

Dungeon Overview and Level Annotations

Branches:
Dungeon (15/15)            Temple (1/1) D:6            Lair (6/6) D:10
 Shoals (4/4) Lair:4       Spider (4/4) Lair:3        Slime (0/5) Lair:5
    Orc (2/2) D:10            Elf (0/3) Orc:2        Vaults (0/5) D:14
 Depths (0/5) D:15

Altars:
Ashenzari
Cheibriados
Dithmenos
Elyvilon
Fedhas
Gozag
Hepliaklqana
Kikubaaqudgha
Makhleb
Nemelex Xobeh
Okawaru
Qazlal
Ru
Sif Muna
Trog
Uskayaw
Vehumet
Wu Jian
Xom
Yredelemnul
Zin
The Shining One
Beogh

Shops:
D:6 =   D:10 ?}[   D:12 *   Orc:2 ?:*%

Annotations:
Lair:5 exclusion: 4 oklob plants


Innate Abilities, Weirdness & Mutations

You are resistant to torment.
Your stone body is resilient. (AC +14)
You are immune to poison.
Your large and strong wings let you fly indefinitely.
You resist negative energy. (rN+)
You are resistant to electric shocks. (rElec)
You can survive without breathing.
You are immune to petrification.
You are immune to rotting.
You have large cloven feet.
Your spells are a little harder to cast, but a little more powerful.
You expend magic power (3 MP) to strengthen your wands.


Message History

The volley of spikes is repelled.
The satyr shoots a sling bullet.
The sling bullet hits you!
* * * LOW HITPOINT WARNING * * *
You hear a splash.
The sea snake bites you!
* * * LOW HITPOINT WARNING * * *
Casting: Stone Arrow (safe; 1% risk of failure)
Confirm with . or Enter, or press ? or * to list all spells.
You blink.
The wind drake flaps its wings at you. The air twists around and strikes you!
* * * LOW HITPOINT WARNING * * *
The manticore flicks its tail.
The volley of spikes is repelled.
You feel much better.
The alligator snapping turtle closely misses you.
The wind drake flaps its wings at you. The air twists around and strikes you!
The sea snake barely misses you.
The alligator snapping turtle bites you from afar!!
You die...

.....≈≈≈.....≈≈
.....≈≈≈≈.....≈
....≈≈≈≈.....≈≈≈≈.#
.≈≈≈≈≈≈(.....≈≈≈..#
.≈≈.....≈≈(..≈≈≈..
.≈≈.....)..(.≈...
.≈≈≈...........#
.#.@SH..(..#
.≈....≈≈≈..≈k..##
.....≈≈≈≈t.c†<..#
.≈≈.≈≈≈≈≈≈≈)≈≈≈.(#
#.≈≈.≈≈≈≈≈≈≈≈†≈).<#
##.≈≈≈≈≈≈≈≈≈≈≈..)...≈
......≈≈≈≈≈≈≈≈≈.≈≈≈≈≈
.....#.≈≈..≈≈≈..≈)≈≈≈
#.≈≈..≈≈≈.))≈≈≈≈


You could see an alligator snapping turtle, a satyr, a sea snake, a wind drake
and a manticore.

Vanquished Creatures
  Nikola (Spider:4)
  Arachne (Spider:3)
  Gastronok (Lair:2)
  An orc warlord (Orc:2)
  3 ghost moths (Spider:4)
  4 emperor scorpions
  Aizul (Spider:3)
  2 entropy weavers (Spider:4)
  The ghost of totalnoob the Imperceptible, a journeyman SpEn of Gozag (Orc:2)
  4 spark wasps (Spider:4)
  Snorg (D:12)
  3 merfolk impalers
  Erolcha (D:12)
  11 hydras
  A rakshasa (D:15)
  2 catoblepae
  2 ice dragons (D:15)
  2 merfolk avatars
  An anaconda (Lair:6)
  Erica (Lair:2)
  The ghost of RatmanManrat the Basher, a novice MiBe of Trog (D:11)
  3 dancing weapons
  A centaur warrior (D:13)
  8 death yaks
  5 two-headed ogres
  4 merfolk aquamancers
  A satyr (Shoals:2)
  2 tengu warriors (D:14)
  A sixfirhy (D:12)
  Nergalle (Lair:3)
  14 sea snakes
  2 unseen horrors
  3 orc knights (Orc:2)
  9 harpies (Shoals:1)
  16 wolf spiders
  14 orb spiders
  9 manticores
  12 fauns
  A deep elf mage (D:14)
  6 merfolk sirens
  5 cyclopes
  5 elephants
  A moth of wrath (Spider:4)
  4 water nymphs
  9 black mambas
  A centaur zombie (D:12)
  10 spiny frogs
  4 torpor snails
  2 gargoyles
  5 rime drakes
  9 komodo dragons
  A yaktaur (shapeshifter) (D:13)
  7 demonic crawlers
  A queen bee (Spider:4)
  11 polar bears
  8 trolls
  11 merfolk
  3 meliai (Spider:4)
  26 jumping spiders
  13 hornets
  8 blink frogs
  2 wind drakes (Shoals:1)
  11 hippogriffs
  A raiju (Lair:6)
  A snapping turtle (Shoals:1)
  8 dream sheep
  A shadow (D:12)
  50 redbacks
  2 wraiths (D:14)
  23 tarantellas
  9 water elementals
  5 basilisks
  4 wyverns
  49 yaks
  2 hungry ghosts
  13 vampire mosquitoes
  10 wargs
  An acid dragon (D:12)
  A soldier ant (D:15)
  3 porcupines
  19 water moccasins
  16 hell hounds (Lair:6)
  A floating eye (shapeshifter) (D:13)
  39 orc warriors
  4 ice beasts
  11 black bears (Lair:6)
  An eye of draining (D:8)
  3 sky beasts
  7 necrophages
  3 phantoms
  29 centaurs
  11 ogres
  18 wolves
  19 crocodiles
  A big kobold (D:13)
  21 bullfrogs
  3 wyvern zombies
  A water moccasin zombie (D:9)
  A scorpion (D:13)
  A wyvern skeleton (D:13)
  21 killer bees
  12 wights
  4 howler monkeys
  9 electric eels
  7 crimson imps
  Crazy Yiuf (D:2)
  5 bullfrog zombies
  17 orc priests
  11 jellies
  9 hounds
  5 bullfrog skeletons
  4 centaur skeletons
  Terence (D:2)
  A hell rat (Lair:6)
  2 iguanas
  16 orc wizards
  11 worker ants
  A hound zombie (D:8)
  2 hound skeletons
  4 gnolls (D:8)
  3 worker ant zombies
  11 adders
  7 river rats (Lair:6)
  A shadow imp (D:6)
  5 oozes (D:9)
  2 adder skeletons
  2 worms
  2 dart slugs (D:1)
  8 leopard geckos
  124 orcs
  3 ball pythons
  5 bats
  5 giant cockroaches
  5 goblins
  3 hobgoblins
  7 quokkas
  2 frilled lizards
  A giant cockroach zombie (D:5)
  6 kobolds
  A leopard gecko skeleton (D:5)
  A quokka skeleton (D:4)
  13 rats
  A bush (D:13)
  5 plants
1072 creatures vanquished.

Vanquished Creatures (others)
  A bush (Lair:6)
  12 fungi
  43 plants
  8 tentacles
64 creatures vanquished.

Grand Total: 1136 creatures vanquished

Notes
Turn   | Place    | Note
-------+----------+-------------------------------------------
     0 | D:1      | mike2R the Gargoyle Earth Elementalist began the quest for
                  | the Orb.
     0 | D:1      | Reached XP level 1. HP: 10/10 MP: 3/3
   215 | D:1      | Reached XP level 2. HP: 8/15 MP: 5/5
  1002 | D:2      | Noticed Terence
  1020 | D:2      | Killed Terence
  1020 | D:2      | Reached skill level 5 in Earth Magic
  1020 | D:2      | Reached XP level 3. HP: 17/19 MP: 6/6
  1076 | D:2      | Learned a level 3 spell: Stone Arrow
  1237 | D:2      | Found a runed translucent door.
  1238 | D:2      | Noticed Crazy Yiuf
  1245 | D:2      | Killed Crazy Yiuf
  1245 | D:2      | Reached XP level 4. HP: 24/24 MP: 8/8
  1434 | D:3      | Reached skill level 1 in Armour
  1709 | D:3      | Reached XP level 5. HP: 28/28 MP: 9/9
  1719 | D:3      | Learned a level 5 spell: Lee's Rapid Deconstruction
  2545 | D:4      | Reached XP level 6. HP: 32/32 MP: 10/10
  3207 | D:4      | Found an opulent altar of Gozag.
  3212 | D:4      | Found a radiant altar of Vehumet.
  3213 | D:4      | Found a glowing silver altar of Zin.
  3214 | D:4      | Found a shattered altar of Ashenzari.
  3215 | D:4      | Found an ancient bone altar of Kikubaaqudgha.
  3236 | D:4      | Became a worshipper of Vehumet
  3271 | D:5      | Entered Level 5 of the Dungeon
  3784 | D:5      | Found a bloodstained altar of Trog.
  3859 | D:5      | Reached XP level 7. HP: 36/36 MP: 11/11
  3883 | D:5      | Reached skill level 5 in Armour
  4546 | D:6      | Reached XP level 8. HP: 25/41 MP: 12/12
  4713 | D:6      | Reached skill level 1 in Fighting
  4717 | D:6      | Got a steaming leather armour
  4728 | D:6      | Identified the cursed +1 leather armour "Xedghuofi" {rN+
                  | Int+2} (You found it on level 6 of the Dungeon)
  4884 | D:6      | Found a staircase to the Ecumenical Temple.
  4903 | D:6      | Reached * piety under Vehumet
  4903 | D:6      | Offered knowledge of Flame Tongue by Vehumet.
  4915 | D:6      | Reached skill level 1 in Short Blades
  5021 | Temple   | Entered the Ecumenical Temple
  5470 | D:6      | Found Ykathroq's Jewellery Boutique.
  5486 | D:6      | Bought a cursed amulet of magic regeneration for 297 gold
                  | pieces
  5770 | D:6      | Found a deep blue altar of Sif Muna.
  5956 | D:7      | Reached XP level 9. HP: 51/51 MP: 13/13
  6477 | D:8      | Reached skill level 5 in Short Blades
  6737 | D:8      | Offered knowledge of Sting by Vehumet.
  6743 | D:8      | Reached ** piety under Vehumet
  6746 | D:8      | Reached skill level 5 in Fighting
  6771 | D:8      | Reached XP level 10. HP: 48/60 MP: 6/14
  6835 | D:8      | Found a shimmering altar of Xom.
  7032 | D:8      | Found a sacrificial altar of Ru.
  7047 | D:8      | Learned a level 4 spell: Petrify
  7158 | D:8      | Reached skill level 1 in Transmutations
  7550 | D:9      | Offered knowledge of Dazzling Spray by Vehumet.
  7576 | D:9      | Reached *** piety under Vehumet
  8085 | D:9      | Found a sparkling altar of Nemelex Xobeh.
  8127 | D:9      | Noticed a +0 hand axe
  8127 | D:9      | Noticed a +0 hand axe
  8133 | D:9      | Found a hide-covered altar of Uskayaw.
  8235 | D:9      | Offered knowledge of Fulminant Prism by Vehumet.
  8807 | D:10     | Entered Level 10 of the Dungeon
  8854 | D:10     | Reached XP level 11. HP: 67/67 MP: 7/15
  8915 | D:10     | Reached **** piety under Vehumet
  9041 | D:10     | Found a staircase to the Orcish Mines.
  9059 | D:10     | Found Zacrymmoe's Gadget Boutique.
  9063 | D:10     | Offered knowledge of Lightning Bolt by Vehumet.
  9133 | D:10     | Found Votalusy's Magic Scroll Shop.
  9144 | D:10     | Bought a scroll of blinking for 82 gold pieces
  9246 | D:10     | Found Ara Uqel's Armour Emporium.
  9601 | D:10     | Found a staircase to the Lair.
 10005 | Lair:1   | Entered Level 1 of the Lair of Beasts
 10005 | Lair:1   | Noticed a six-headed hydra
 10015 | Lair:1   | Killed a six-headed hydra
 10443 | Lair:1   | Noticed a seven-headed hydra
 10456 | Lair:1   | Killed a seven-headed hydra
 10456 | Lair:1   | Reached skill level 10 in Short Blades
 10456 | Lair:1   | Reached skill level 5 in Dodging
 11000 | Lair:1   | Got a steaming robe
 11017 | Lair:1   | Identified the +1 robe of the Equinox {+Fly rPois rC+++
                  | MP-9} (You found it on level 1 of the Lair of Beasts)
 11483 | Lair:2   | Noticed Erica
 11496 | Lair:2   | Killed Erica
 11496 | Lair:2   | Reached XP level 12. HP: 57/76 MP: 17/17
 11826 | Lair:2   | Learned a level 5 spell: Bolt of Magma
 12010 | Lair:2   | Reached skill level 1 in Conjurations
 12023 | Lair:2   | Reached skill level 1 in Fire Magic
 12135 | Lair:2   | Noticed Gastronok
 12196 | Lair:2   | Killed Gastronok
 13191 | Lair:3   | Noticed Nergalle
 13197 | Lair:3   | Killed Nergalle
 13219 | Lair:3   | Reached skill level 10 in Fighting
 13325 | Lair:3   | Found a hole to the Spider Nest.
 13860 | Lair:4   | Found a staircase to the Shoals.
 14073 | Lair:4   | Identified a scroll of acquirement
 14218 | Lair:4   | Reached XP level 13. HP: 83/83 MP: 18/18
 14401 | Lair:4   | Reached ***** piety under Vehumet
 14401 | Lair:4   | Offered knowledge of Bolt of Fire by Vehumet.
 14411 | Lair:4   | Reached skill level 10 in Earth Magic
 14703 | Lair:4   | Reached skill level 5 in Conjurations
 15836 | Lair:5   | Found a staircase to the Slime Pits.
 16220 | Lair:5   | Reached skill level 5 in Spellcasting
 16295 | Lair:5   | Learned a level 4 spell: Leda's Liquefaction
 16314 | Lair:5   | Reached skill level 5 in Fire Magic
 16794 | Lair:5   | Reached skill level 1 in Hexes
 17097 | Lair:6   | Entered Level 6 of the Lair of Beasts
 17438 | Lair:6   | Gained mutation: Your large and strong wings let you fly
                  | indefinitely. [Gargoyle growth]
 17438 | Lair:6   | Reached XP level 14. HP: 85/90 MP: 19/22
 17977 | Lair:6   | Offered knowledge of Airstrike by Vehumet.
 19177 | Lair:6   | Got a thick robe
 19188 | Lair:6   | Identified the +4 robe of the Gate {rF++ Stlth+} (You found
                  | it on level 6 of the Lair of Beasts)
 19705 | Orc:1    | Entered Level 1 of the Orcish Mines
 20102 | Orc:2    | Entered Level 2 of the Orcish Mines
 20419 | Orc:1    | Learned a level 6 spell: Iron Shot
 20468 | Orc:2    | Offered knowledge of Fireball by Vehumet.
 21004 | Orc:1    | Noticed an orc warlord
 21212 | Orc:2    | Found a runed translucent door.
 21214 | Orc:2    | Noticed totalnoob's ghost (journeyman SpEn)
 21262 | Orc:2    | Killed totalnoob's ghost
 21510 | Orc:2    | Found Jiesmeeka's General Store.
 21510 | Orc:2    | Found Uxenlao's Book Shoppe.
 21512 | Orc:2    | Found Poyvvuyz's Magic Scroll Emporium.
 21514 | Orc:2    | Found Qyirizoq's Food Shop.
 21528 | Orc:2    | Bought a scroll of enchant weapon for 82 gold pieces
 21830 | Orc:2    | Found a staircase to the Elven Halls.
 21836 | Orc:2    | Reached XP level 15. HP: 82/96 MP: 28/28
 22378 | Orc:2    | Killed an orc warlord
 22919 | D:11     | Learned a level 5 spell: Fireball
 23380 | D:11     | Found a runed translucent door.
 23381 | D:11     | Found a shimmering altar of Xom.
 23381 | D:11     | Noticed RatmanManrat's ghost (novice MiBe)
 23498 | D:11     | Killed RatmanManrat's ghost
 24120 | D:12     | Noticed Snorg
 24129 | D:12     | Killed Snorg
 24129 | D:12     | Offered knowledge of Conjure Ball Lightning by Vehumet.
 24248 | D:12     | Noticed Erolcha
 24255 | D:12     | Killed Erolcha
 24802 | D:12     | Found Munucwye's Assorted Antiques.
 24810 | D:12     | Found a runed translucent door.
 25624 | D:13     | Found a blossoming altar of Fedhas.
 26949 | D:14     | Found a portal to a secret trove of treasure.
 27016 | D:10     | Bought the +10 plate armour of Jocafau {Str+5} for 1176
                  | gold pieces
 27176 | D:14     | You paid a toll of the plate armour of Jocafau to enter a
                  | treasure trove
 27177 | Trove    | Entered a treasure trove
 27188 | Trove    | Got a scorched ivory amulet
 27190 | Trove    | Got a bound sapphire amulet
 27203 | Trove    | Identified the amulet "Jegiuc" {Regen+ Str+2 Slay+3} (You
                  | found it in a treasure trove)
 27205 | Trove    | Identified the amulet "Ussuv" {Spirit Str+5 Slay-2} (You
                  | found it in a treasure trove)
 27209 | Trove    | Got a wavering turquoise ring
 27220 | Trove    | Identified the ring "Jeqocky" {rElec rPois Stlth-} (You
                  | found it in a treasure trove)
 27245 | Trove    | Got a vibrating brass ring
 27252 | Trove    | Got a sparkling sapphire amulet
 27262 | Trove    | Identified the ring of the Hidden Stories {rC+ Stlth+} (You
                  | found it in a treasure trove)
 27267 | Trove    | Identified the amulet of Impatience {rF+ Regen+ Int-2
                  | Slay+3} (You found it in a treasure trove)
 27332 | D:14     | Reached skill level 1 in Shields
 27717 | D:14     | Found a gate to the Vaults.
 27753 | D:14     | Found a roughly hewn altar of Beogh.
 27833 | D:15     | Entered Level 15 of the Dungeon
 28153 | D:15     | Reached ****** piety under Vehumet
 28749 | D:15     | Reached skill level 5 in Stealth
 28749 | D:15     | Reached skill level 10 in Spellcasting
 28825 | D:15     | Found a staircase to the Depths.
 28869 | D:15     | Reached XP level 16. HP: 104/104 MP: 30/30
 28905 | D:15     | Learned a level 3 spell: Mephitic Cloud
 29259 | D:6      | Bought an uncursed ring of see invisible for 165 gold
                  | pieces
 29400 | Spider:1 | Entered Level 1 of the Spider Nest
 29490 | Spider:1 | Offered knowledge of Bolt of Cold by Vehumet.
 29516 | Spider:1 | Reached skill level 1 in Air Magic
 31178 | Spider:3 | Noticed Aizul
 31199 | Spider:3 | Killed Aizul
 31261 | Spider:3 | Learned a level 3 spell: Regeneration
 31477 | Spider:3 | Noticed Arachne
 31494 | Spider:3 | Killed Arachne
 31494 | Spider:3 | Reached skill level 1 in Charms
 31494 | Spider:3 | Reached skill level 1 in Necromancy
 31686 | Spider:4 | Entered Level 4 of the Spider Nest
 31705 | Spider:4 | Noticed Nikola
 31870 | Spider:4 | Killed Nikola
 32239 | Spider:4 | Offered knowledge of Poison Arrow by Vehumet.
 32634 | Spider:4 | Reached XP level 17. HP: 94/108 MP: 10/32
 33172 | Spider:4 | Offered knowledge of Spellforged Servitor by Vehumet.
 33653 | Spider:4 | Got a gossamer rune of Zot
 33661 | Spider:4 | Got a fine helmet
 33672 | Spider:4 | Identified the +0 helmet of Posurhao {rPois MP+9 Str+8
                  | Dex-5} (You acquired it on level 4 of the Spider Nest)
 34083 | Shoals:1 | Entered Level 1 of the Shoals
 34995 | Shoals:1 | Learned a level 7 spell: Spellforged Servitor
 35166 | Shoals:1 | Gained mutation: You possess an exceptional clarity of
                  | mind. [potion of mutation]
 35166 | Shoals:1 | Gained mutation: You are clumsy. (Dex -2) [potion of
                  | mutation]
 35166 | Shoals:1 | Gained mutation: You have large cloven feet. [potion of
                  | mutation]
 35166 | Shoals:1 | Gained mutation: Your spells are a little harder to cast,
                  | but a little more powerful. [potion of mutation]
 35167 | Shoals:1 | Lost mutation: You possess an exceptional clarity of mind.
                  | [potion of mutation]
 35167 | Shoals:1 | Lost mutation: You are clumsy. (Dex -2) [potion of
                  | mutation]
 35167 | Shoals:1 | Lost mutation: Your spells are a little harder to cast, but
                  | a little more powerful. [potion of mutation]
 35167 | Shoals:1 | Gained mutation: You expend magic power (3 MP) to
                  | strengthen your wands. [potion of mutation]
 35167 | Shoals:1 | Gained mutation: Your spells are a little harder to cast,
                  | but a little more powerful. [potion of mutation]
 35271 | Shoals:1 | Noticed a kraken
 35634 | Shoals:1 | Reached skill level 1 in Summonings
 35706 | Shoals:2 | Noticed a kraken
 35997 | Shoals:2 | Learned a level 2 spell: Blink
 36165 | Shoals:2 | Reached XP level 18. HP: 113/117 MP: 31/34
 36351 | Shoals:2 | Reached skill level 5 in Summonings
 36473 | Shoals:3 | Reached skill level 10 in Conjurations
 36473 | Shoals:3 | Reached XP level 19. HP: 122/122 MP: 35/35
 36921 | Shoals:4 | Entered Level 4 of the Shoals
 36942 | Shoals:4 | Slain by an alligator snapping turtle

Skill      XL: |  1  2  3  4  5  6  7  8  9 10 11 12 13 14 15 16 17 18 19 |
---------------+----------------------------------------------------------+-----
Earth Magic    | 4 5 6 7 8 9 10 11 | 11.6
Armour         | 1 3 4 6 7 |  7.1
Spellcasting   | 3 5 9 10 11 12 | 12.0
Fighting       | 3 5 7 9 10 11 12 13 14 | 14.5
Short Blades   | 3 6 8 10 12 13 14 | 14.0
Dodging        | 3 5 6 8 |  8.1
Transmutations | 3 |  3.0
Conjurations   | 4 6 7 8 9 10 | 10.6
Fire Magic     | 3 5 6 |  6.0
Hexes          | 1 3 |  3.5
Shields        | 4 |  4.0
Stealth        | 5 |  5.0
Air Magic      | 4 |  4.0
Charms         | 3 |  3.1
Necromancy     | 3 |  3.0
Summonings     | 4 6 7 |  7.2

Action                   |  1- 3 |  4- 6 |  7- 9 | 10-12 | 13-15 | 16-18 | 19-21 || total
-------------------------+-------+-------+-------+-------+-------+-------+-------++-------
Melee: Club              |    48 |       |       |       |       |       |       ||    48
       Unarmed           |     2 |       |       |       |       |       |       ||     2
       Short sword       |     7 |   140 |   118 |   296 |   733 |   124 |       ||  1418
       Staff             |       |       |       |       |     2 |     1 |       ||     3
       Rapier            |       |       |       |       |       |   239 |    12 ||   251
 Cast: Sandblast         |    19 |     3 |    51 |   145 |   101 |       |       ||   319
       Stone Arrow       |       |       |    12 |   114 |   370 |   180 |     5 ||   681
       Lee's Rapid Decon |       |       |    16 |    37 |    29 |    15 |       ||    97
       Petrify           |       |       |       |    17 |    15 |     7 |     2 ||    41
       Bolt of Magma     |       |       |       |     8 |   148 |    53 |     2 ||   211
       Leda's Liquefacti |       |       |       |       |    20 |       |       ||    20
       Iron Shot         |       |       |       |       |    61 |   149 |     4 ||   214
       Fireball          |       |       |       |       |    21 |    20 |     8 ||    49
       Regeneration      |       |       |       |       |       |    15 |     2 ||    17
       Mephitic Cloud    |       |       |       |       |       |     5 |       ||     5
       Blink             |       |       |       |       |       |       |     1 ||     1
 Abil: Fly               |       |       |       |       |     1 |     1 |       ||     2
       Stop Flying       |       |       |       |       |     1 |     1 |       ||     2
Evoke: Wand              |       |       |       |       |     1 |     1 |       ||     2
  Use: Scroll            |       |    12 |     3 |    11 |    15 |    14 |     1 ||    56
       Potion            |       |       |       |     3 |     3 |     3 |     2 ||    11
 Stab: Sleeping          |       |       |       |     1 |     4 |     1 |       ||     6
       Petrified         |       |       |       |    20 |    27 |     9 |       ||    56
       Petrifying        |       |       |       |     1 |     2 |       |       ||     3
  Eat: Chunk             |     1 |     8 |     9 |    44 |    87 |    55 |     1 ||   205
       Ration            |       |       |     2 |     3 |    10 |     8 |       ||    23
Armor: Robe              |    34 |       |       |       |   189 |   313 |    38 ||   574
       Scale mail        |     4 |    64 |    32 |       |       |       |       ||   100
       Leather armour    |       |       |    35 |    91 |   125 |       |       ||   251
       Skin              |       |       |       |    30 |       |       |       ||    30
Dodge: Dodged            |    53 |    51 |    54 |   119 |   412 |   402 |    41 ||  1132
       Deflected         |       |       |       |       |       |     1 |     8 ||     9
Block: Buckler           |       |       |       |       |     5 |   120 |     9 ||   134
